 Dungeon Crawl Stone Soup version 0.27.0-1-g7a089689b8 (webtiles) character file.

Game seed: 8002866145157617286

140653 gimp the Severer (level 16, -2/154 HPs)
             Began as a Minotaur Berserker on Aug 2, 2021.
             Was the Champion of Trog.
             Slain by a demonic crawler (6 damage)
             ... on level 3 of the Spider Nest.
             The game lasted 01:07:24 (29643 turns).

gimp the Severer (Minotaur Berserker)              Turns: 29643, Time: 01:07:25

Health: -2/154     AC: 23    Str: 39    XL:     16   Next: 76%
Magic:  15/15      EV: 12    Int:  4    God:    Trog [******]
Gold:   1892       SH:  0    Dex: 10    Spells: 15/15 levels left

rFire    + . .     SeeInvis .   b - +0 broad axe
rCold    . . .     Faith    .   f - +2 kite shield
rNeg     . . .     Spirit   .   G - +6 chain mail of Levity {rF+ Str+4}
rPois    +         Reflect  .   L - +0 hat
rElec    .         Harm     .   s - +2 cloak
rCorr    .         Rampage  .   I - +1 pair of gloves
Will     +....                  F - +0 pair of boots
Stlth    ..........             N - amulet of regeneration
HPRegen  1.35/turn              R - ring of poison resistance
MPRegen  0.14/turn              g - +6 ring of strength

@: confused, corroded, slowed, very slow
A: horns 2, retaliatory headbutt
a: Renounce Religion, Berserk, Trog's Hand, Brothers in Arms


You were on level 3 of the Spider Nest.
You worshipped Trog.
Trog was exalted by your worship.
You visited 4 branches of the dungeon, and saw 26 of its levels.

You collected 2650 gold pieces.
You spent 758 gold pieces at shops.

Inventory:

Hand Weapons
 a - the +1 war axe "Grim Tooth" {spect, rF+ Int+4}
   (You found it on level 6 of the Dungeon)

   When its wielder attacks, the weapon's spirit leaps out and strikes again.
   The spirit shares a part of any damage it takes with its wielder.
   Int:       It affects your intelligence (+4).
   rF:        It protects you from fire.
 b - a +0 broad axe (weapon)
Missiles
 C - 9 javelins
 Q - 6 curare-tipped darts
 T - a throwing net
Armour
 f - a +2 kite shield (worn)
 s - a +2 cloak (worn)
 F - a +0 pair of boots (worn)
 G - the +6 chain mail of Levity (worn) {rF+ Str+4}
   (You found it on level 6 of the Lair of Beasts)

   Str:       It affects your strength (+4).
   rF:        It protects you from fire.
 I - a +1 pair of gloves (worn)
 L - a +0 hat (worn)
 Y - a +0 chain mail of willpower
Jewellery
 c - a ring of see invisible
 g - a +6 ring of strength (right hand)
 n - a ring of willpower
 q - a ring of positive energy
 v - a ring of ice
 y - a ring of flight
 N - an amulet of regeneration (around neck)
 P - a ring of fire
 R - a ring of poison resistance (left hand)
Wands
 o - a wand of paralysis (9)
 r - a wand of iceblast (23)
 t - a wand of flame (54) (quivered)
 z - a wand of mindburst (7)
 D - a wand of charming (17)
 S - a wand of acid (18)
 V - a wand of digging (13)
Scrolls
 i - 2 scrolls of immolation {unknown}
 j - 14 scrolls of identify {unknown}
 k - a scroll of fear {unknown}
 l - 2 scrolls of amnesia {unknown}
 w - a scroll of torment {unknown}
 x - 2 scrolls of teleportation {unknown}
 A - a scroll of enchant armour {unknown}
 H - a scroll of blinking {unknown}
 W - a scroll of fog {unknown}
 X - a scroll of enchant weapon {unknown}
Potions
 d - 8 potions of ambrosia
 e - 6 potions of curing {unknown}
 h - a potion of heal wounds {unknown}
 m - 3 potions of flight {unknown}
 p - a potion of magic {unknown}
 u - 3 potions of haste
 E - a potion of resistance
 J - a potion of mutation {unknown}
 K - a potion of lignification {unknown}
 O - a potion of berserk rage {unknown}
 U - a potion of attraction {unknown}
Miscellaneous
 B - a box of beasts
 M - a condenser vane


   Skills:
 + Level 16.9 Fighting
 - Level 18.0 Axes
 - Level 15.0 Armour
 + Level 7.8 Dodging
 - Level 15.0 Shields
 + Level 10.3 Evocations


You had 15 spell levels left.
You didn't know any spells.
Your spell library was empty.

Dungeon Overview and Level Annotations

Branches:
Dungeon (15/15)            Temple (0/1) D:5            Lair (6/6) D:10
 Shoals (0/4) Lair:4       Spider (3/4) Lair:4        Slime (0/5) Lair:5
    Orc (2/2) D:12            Elf (0/3) Orc:2        Vaults (0/5) D:14
 Depths (0/5) D:15

Altars:
Dithmenos
Elyvilon
Gozag
Makhleb
Okawaru
Qazlal
Ru
Xom
Zin

Shops:
D:10 (   Orc:2 ([*:

Annotations:
D:9 exclusion: door
D:10 3 runed translucent doors, gimp's ghost, novice MiBe
Lair:5 exclusion: 2 oklob plants
Spider:3 Donald


Innate Abilities, Weirdness & Mutations

You have a pair of horns on your head.
You reflexively headbutt those who attack you in melee.


Message History

The tarantella bites you!
You are confused.
Being near the torpor snail leaves you feeling lethargic.
The wolf spider hits you but does no damage.
The wolf spider bites you.
The spark wasp stings you but does no damage.
In your confused state, you trip and fall back down the stairs.
The jumping spider leaps!
The jumping spider closely misses you.
The jumping spider bites you but does no damage.
The redback bites you!
The wolf spider hits you but does no damage.
The wolf spider bites you but does no damage.
The jumping spider leaps!
The moth of wrath goads the jumping spider on!
The jumping spider goes berserk!
The demonic crawler hits you but does no damage. x2
The demonic crawler barely misses you. The tarantella closely misses you.
The wolf spider hits you!!
* * * LOW HITPOINT WARNING * * *
The wolf spider bites you but does no damage.
The wolf spider hits you but does no damage.
The wolf spider bites you.
* * * LOW HITPOINT WARNING * * *
The spark wasp stings you!!
* * * LOW HITPOINT WARNING * * *
The spark wasp shocks you!
* * * LOW HITPOINT WARNING * * *
The redback barely misses you.
The jumping spider pounces on you but does no damage.
The jumping spider barely misses you.
The wolf spider hits you but does no damage.
The wolf spider bites you.
* * * LOW HITPOINT WARNING * * *
The moth of wrath goads the wolf spider on!
The wolf spider goes berserk!
The moth of wrath goads the torpor snail on!
The torpor snail goes berserk!
The demonic crawler closely misses you.
The demonic crawler hits you but does no damage.
The demonic crawler hits you.
You die...

..........s..........#..
.....^............#.....
..................$.....
.....^.......#.s........
....(.......yw○.........
.s...................@.
..#..^........#yss......
....<......^.sys@ss.....
..............sssss^..^.
..............sBsys.....
........................
................<......^
....>...........○......?
#........#.$......#....#
............^.........##
....y...... ##


You could see Donald, an entropy weaver, a spark wasp, a torpor snail (berserk),
2 demonic crawlers, 3 wolf spiders, 3 moths of wrath, 2 orb spiders, 4 jumping
spiders, 2 tarantellas and 3 redbacks.

Vanquished Creatures
  Frances (Lair:4)
  Agnes (Spider:1)
  Gastronok (D:9)
  Kirke (D:14)
  A ghost moth (Lair:4)
  2 emperor scorpions
  2 orc warlords
  An ironbound preserver (D:14)
  2 fire dragons (D:15)
  An ice dragon (D:15)
  A boulder beetle (D:14)
  7 hydras
  2 catoblepae
  Erolcha (D:9)
  6 centaur warriors
  A death knight (D:13)
  2 two-headed ogres (D:12)
  4 death yaks (Lair:6)
  Sonja (Lair:5)
  2 tengu warriors
  4 orc high priests (Orc:2)
  3 skeletal warriors
  6 deep elf zephyrmancers (Orc:2)
  A harpy (D:14)
  37 ugly things
  6 orc knights
  13 wolf spiders
  6 orb spiders
  5 deep elf pyromancers
  5 orc sorcerers
  3 cyclopes (D:14)
  2 manticores
  4 elephants (Lair:6)
  2 black mambas
  Joseph (D:7)
  6 unseen horrors
  A torpor snail (Lair:6)
  4 rime drakes
  Psyche (D:11)
  9 cane toads
  A gargoyle (D:14)
  10 komodo dragons
  2 kobold demonologists (D:14)
  3 demonic crawlers
  21 jumping spiders
  3 meliai (D:15)
  A jumping spider (shapeshifter) (D:13)
  8 trolls
  4 hornets
  14 polar bears
  A queen bee (D:15)
  17 slime creatures
  21 blink frogs
  9 dream sheep
  A snapping turtle (Lair:4)
  A shadow (D:12)
  10 spriggans (Lair:6)
  A tarantella (shapeshifter) (D:15)
  2 vampires
  8 tarantellas
  3 wyverns
  43 redbacks
  2 wraiths
  28 yaks
  4 basilisks
  4 hogs (D:14)
  Grum (D:10)
  3 wargs
  2 steam dragons
  5 vampire mosquitoes
  An acid dragon (D:10)
  16 water moccasins
  4 ice beasts
  36 orc warriors
  A sky beast (D:5)
  2 necrophages
  5 black bears
  5 boggarts (Lair:6)
  5 ogres
  28 wolves
  22 centaurs
  2 phantoms
  4 kobold brigands
  16 bullfrogs
  A gnoll sergeant (D:6)
  A wyvern skeleton (D:7)
  A scorpion (D:5)
  A water moccasin skeleton (D:7)
  29 killer bees
  5 howler monkeys
  6 electric eels
  2 bullfrog zombies (D:6)
  3 centaur zombies
  2 jellies (D:5)
  5 hounds
  28 orc priests
  2 centaur skeletons
  3 iguanas
  31 orc wizards
  A killer bee zombie (D:7)
  2 hound skeletons (D:4)
  Robin (D:3)
  A howler monkey zombie (D:9)
  12 adders
  A shadow imp (D:7)
  A white imp (D:6)
  An ufetubus (D:7)
  2 worms
  4 dart slugs
  63 orcs
  9 ball pythons
  6 bats
  9 endoplasms
  6 giant cockroaches
  18 goblins
  11 hobgoblins
  8 jackals
  2 quokkas
  3 frilled lizards
  18 kobolds
  9 rats
847 creatures vanquished.

Vanquished Creatures (collateral kills)
  Jorgrun (Spider:2)
  Harold (D:10)
  4 hydras
  A skeletal warrior (D:13)
  A polar bear (Lair:4)
  Grinder (D:6)
  A shadow (D:12)
  A water moccasin (Lair:1)
  2 orc warriors
  A wolf (D:10)
  2 centaurs (D:12)
  3 orc priests
  3 orc wizards
  3 orcs
25 creatures vanquished.

Vanquished Creatures (others)
  A wizard (D:15)
  An orb spider (Spider:1)
  A jumping spider (Spider:1)
  2 humans (D:14)
  An orc (Orc:1)
  26 fungi
  25 plants
57 creatures vanquished.

Grand Total: 929 creatures vanquished

Notes
Turn   | Place    | Note
-------+----------+-------------------------------------------
     0 | D:1      | gimp the Minotaur Berserker began the quest for the Orb.
     0 | D:1      | Reached XP level 1. HP: 19/19 MP: 0/0
   187 | D:1      | Reached skill level 4 in Axes
   226 | D:1      | Reached XP level 2. HP: 24/27 MP: 1/1
   479 | D:1      | Reached XP level 3. HP: 29/33 MP: 2/2
  1187 | D:2      | Found a glowing silver altar of Zin.
  1200 | D:2      | Reached ** piety under Trog
  1330 | D:2      | Reached skill level 5 in Axes
  1330 | D:2      | Reached XP level 4. HP: 31/40 MP: 3/3
  2295 | D:3      | Reached *** piety under Trog
  2423 | D:3      | Noticed a water moccasin
  2427 | D:3      | Killed a water moccasin
  2428 | D:3      | Reached skill level 6 in Axes
  2428 | D:3      | Reached XP level 5. HP: 47/47 MP: 4/4
  2475 | D:3      | Reached skill level 5 in Fighting
  2550 | D:3      | Noticed Robin
  2562 | D:3      | Reached XP level 6. HP: 36/56 MP: 5/5
  2563 | D:3      | Killed Robin
  2920 | D:3      | Found a faded altar of an unknown god.
  3485 | D:4      | Found a shadowy altar of Dithmenos.
  3616 | D:4      | Reached skill level 7 in Axes
  4115 | D:5      | Entered Level 5 of the Dungeon
  4148 | D:5      | Identified the +6 mace of Joppi {antimagic, *Noise rN++}
  4158 | D:5      | Reached **** piety under Trog
  4198 | D:5      | Reached skill level 5 in Armour
  4203 | D:5      | Reached XP level 7. HP: 44/62 MP: 6/6
  4307 | D:5      | Reached skill level 8 in Axes
  4458 | D:5      | Found a burning altar of Makhleb.
  4643 | D:5      | Reached XP level 8. HP: 71/71 MP: 7/7
  4655 | D:5      | Reached skill level 9 in Axes
  4747 | D:5      | Found a staircase to the Ecumenical Temple.
  4839 | D:6      | Noticed Grinder
  4846 | D:6      | Reached skill level 10 in Axes
  4861 | D:6      | Killed Grinder
  5012 | D:6      | Identified the +1 war axe "Grim Tooth" {spect, rF+ Int+4}
  5190 | D:6      | Reached XP level 9. HP: 78/81 MP: 8/8
  5345 | D:6      | Found an opulent altar of Gozag.
  5716 | D:7      | Reached skill level 11 in Axes
  5866 | D:7      | Noticed Joseph
  5877 | D:7      | Killed Joseph
  5967 | D:7      | Found a large runed translucent door.
  5968 | D:7      | Found a large runed translucent door.
  6268 | D:7      | Found a white marble altar of Elyvilon.
  6298 | D:7      | Found a sacrificial altar of Ru.
  6470 | D:8      | Reached skill level 12 in Axes
  6944 | D:8      | Reached ***** piety under Trog
  7099 | D:9      | Noticed Gastronok
  7111 | D:9      | Killed Gastronok
  7112 | D:9      | Reached skill level 13 in Axes
  7112 | D:9      | Reached XP level 10. HP: 93/93 MP: 9/9
  7240 | D:9      | Reached skill level 10 in Fighting
  7329 | D:9      | Found an iron altar of Okawaru.
  7521 | D:9      | Reached skill level 10 in Armour
  7597 | D:9      | Noticed an eight-headed hydra
  7597 | D:9      | Noticed a six-headed hydra
  7901 | D:9      | Found a shimmering altar of Xom.
  8155 | D:9      | Noticed Erolcha
  8165 | D:9      | Killed Erolcha
  8166 | D:9      | Reached skill level 14 in Axes
  8330 | D:9      | Noticed a tengu warrior
  8330 | D:9      | Noticed a red ugly thing
  8340 | D:9      | Killed a tengu warrior
  8341 | D:9      | Reached XP level 11. HP: 101/101 MP: 10/10
  8346 | D:9      | Killed a red ugly thing
  8400 | D:9      | Noticed a skeletal warrior
  8410 | D:9      | Killed a skeletal warrior
  8621 | D:10     | Entered Level 10 of the Dungeon
  8621 | D:10     | Noticed a catoblepas
  8673 | D:10     | Found a staircase to the Lair.
  8715 | D:10     | Found a runed translucent gate.
  8715 | D:10     | Found a runed translucent gate.
  8715 | D:10     | Found a runed translucent gate.
  8718 | D:10     | Noticed gimp's ghost (novice MiBe)
  8718 | D:10     | Noticed a nine-headed hydra
  8741 | D:10     | Found Otaust's Weapon Shoppe.
  8780 | D:10     | Killed a catoblepas
  8996 | D:10     | Paralysed by a hornet for 1 turns
  9410 | D:10     | Reached skill level 15 in Axes
  9681 | D:10     | Found a stormy altar of Qazlal.
  9705 | D:10     | Noticed Grum
  9714 | D:10     | Noticed Harold
  9726 | D:10     | Killed Grum
  9744 | D:10     | Killed Harold
 10001 | Lair:1   | Entered Level 1 of the Lair of Beasts
 10149 | Lair:1   | Noticed a four-headed hydra
 10978 | D:11     | Noticed Psyche
 10984 | D:11     | Killed Psyche
 11776 | D:12     | Noticed a seven-headed hydra
 11821 | D:12     | Killed a seven-headed hydra
 11822 | D:12     | Reached skill level 16 in Axes
 11822 | D:12     | Reached XP level 12. HP: 41/112 MP: 11/11
 12251 | D:12     | Noticed a two-headed ogre
 12255 | D:12     | Killed a two-headed ogre
 12448 | D:12     | Found a staircase to the Orcish Mines.
 12449 | D:12     | Noticed a six-headed hydra
 12457 | D:12     | Killed a seven-headed hydra
 13256 | D:12     | Reached skill level 17 in Axes
 13365 | D:12     | Noticed a two-headed ogre
 13370 | D:12     | Killed a two-headed ogre
 13482 | Orc:1    | Entered Level 1 of the Orcish Mines
 13483 | Orc:1    | Noticed an orc warlord
 14198 | Orc:1    | Killed an orc warlord
 14359 | Orc:1    | Received a gift from Trog
 14660 | Orc:2    | Entered Level 2 of the Orcish Mines
 14700 | Orc:2    | Reached XP level 13. HP: 64/122 MP: 12/12
 15006 | Orc:2    | Found a staircase to the Elven Halls.
 15147 | Orc:1    | Reached skill level 18 in Axes
 16395 | Orc:2    | Noticed an orc warlord
 16671 | Orc:2    | Killed an orc warlord
 16895 | Orc:2    | Paralysed by an orc sorcerer for 3 turns
 17210 | Orc:2    | HP: 2/125 [orc high priest/divine providence (12)]
 18021 | Orc:2    | Found Nara's Antique Armour Shoppe.
 18022 | Orc:2    | Found Qeuc's Antique Weapon Emporium.
 18024 | Orc:2    | Found Zuzepnir's General Store.
 18024 | Orc:2    | Found Dimatt's Book Shoppe.
 18042 | Orc:2    | Bought a jewelled cloak for 294 gold pieces
 18042 | Orc:2    | Identified the -6 cloak of Dilu {rN+ Int+5} (You bought it
                  | in a shop on level 2 of the Orcish Mines)
 18044 | Orc:2    | Bought a runed cloak for 232 gold pieces
 18065 | Orc:2    | Bought a glowing kite shield for 232 gold pieces
 18143 | Orc:2    | Reached skill level 1 in Shields
 18874 | D:13     | Reached skill level 15 in Fighting
 19460 | D:14     | Reached skill level 5 in Shields
 19488 | D:14     | Reached skill level 1 in Evocations
 19509 | D:14     | Found a gate to the Vaults.
 19509 | D:14     | Noticed an ironbound preserver
 19524 | D:14     | Killed an ironbound preserver
 19525 | D:14     | Reached skill level 15 in Armour
 19525 | D:14     | Reached XP level 14. HP: 120/135 MP: 13/13
 19588 | D:14     | Noticed Kirke
 19598 | D:14     | Killed Kirke
 20131 | D:14     | Reached skill level 10 in Shields
 20252 | D:14     | Received a gift from Trog
 20255 | D:14     | Reached skill level 5 in Evocations
 20396 | D:15     | Entered Level 15 of the Dungeon
 20762 | D:15     | Found a staircase to the Depths.
 21066 | D:15     | Reached XP level 15. HP: 103/141 MP: 14/14
 23247 | Lair:2   | Received a gift from Trog
 24163 | Lair:3   | You fall into a shaft and drop 3 floors!
 24163 | Lair:6   | Entered Level 6 of the Lair of Beasts
 24179 | Lair:6   | Paralysed by a hornet for 3 turns
 24295 | Lair:5   | Identified the +9 hand crossbow "Sirel" {penet, rCorr
                  | Int+2}
 24372 | Lair:4   | Found a hole to the Spider Nest.
 24954 | Lair:4   | Found a staircase to the Shoals.
 25438 | Lair:5   | Noticed Sonja
 25448 | Lair:5   | Killed Sonja
 25591 | Lair:5   | Found a staircase to the Slime Pits.
 25850 | Lair:5   | Reached skill level 15 in Shields
 26646 | Lair:6   | Reached ****** piety under Trog
 26647 | Lair:6   | Reached XP level 16. HP: 150/150 MP: 15/15
 26979 | Lair:6   | Identified the +6 chain mail of Levity {rF+ Str+4}
 27316 | Spider:1 | Entered Level 1 of the Spider Nest
 27352 | Spider:1 | Noticed Agnes
 27486 | Lair:4   | Reached skill level 5 in Dodging
 27526 | Spider:1 | Received a gift from Trog
 27530 | Spider:1 | Killed Agnes
 27544 | Spider:1 | Noticed Frances
 27602 | Lair:4   | Killed Frances
 28245 | Spider:2 | Noticed Jorgrun
 28768 | Spider:2 | Identified the +1 scale mail "Zuyqihekh" {-Tele rPois
                  | Int+4}
 28885 | Spider:2 | Killed Jorgrun
 28930 | Spider:2 | Reached skill level 10 in Evocations
 29538 | Spider:3 | Noticed Donald
 29643 | Spider:3 | HP: 7/154 [spark wasp (13)]
 29643 | Spider:3 | Slain by a demonic crawler

Illustrated notes

Levels and vault maps discovered:
D:1:      minmay_arrival_four_loops, layout_basic, minmay_pentomino_z4
D:2:      minmay_alternating_diamond, layout_loops_ring, basic_altar,
          minmay_cut_off
D:3:      layout_rooms, shapermc_ecumenical_altar_petra, uniq_robin
D:4:      layout_gridville, mainiacjoe_overflow_catwalk,
          hangedman_decor_riveting
D:5:      layout_rooms, kennysheep_mini_moat, lemuel_temple_firewalk_a,
          hangedman_decor_growths
D:6:      layout_basic, lemuel_tele_altar, minmay_fractal_squares_5,
          uniq_grinder
D:7:      layout_gridville, jmf_multi_god_temple2, kennysheep_donut,
          minmay_misc_feat_roman, minmay_chambers_of_fives, uniq_joseph
D:8:      layout_layer_cave, kennysheep_decorative_pillar
D:9:      layout_loops_corners, mainiacjoe_overflow_24_doors,
          mainiacjoe_overflow_alcove_1, minmay_shattered_shrine, uniq_gastronok,
          uniq_erolcha
D:10:     nzn_motion_control, layout_loops_corners,
          mainiacjoe_overflow_small_starburst, lair_entry_dummy, serial_shops,
          shop, gammafunk_ghost_hydra_chop, kennysheep_generic_room_2,
          uniq_grum, uniq_harold
D:11:     minmay_evil_eye, layout_layer_cave, uniq_psyche
D:12:     layout_basic, david_orc_3, serial_curves, eino_curves_04,
          eino_curves_04, kennysheep_windowed_goal
D:13:     layout_long_grid, serial_rivers, chequers_serial_rivers_large_b,
          chequers_serial_rivers_marsh, chequers_serial_rivers_micro_b,
          chequers_serial_rivers_small_b, chequers_serial_rivers_small_a
D:14:     layout_gridville, skrybe_vaults_entry_preservation,
          hangedman_abyss_or_decor_passed, uniq_kirke
D:15:     grunt_enter_depths_hoard, layout_basic, special_room
          [special_room_bee]
Lair:1:   layout_cave_pods, grunt_megastairs_1
Lair:2:   layout_roguey
Lair:3:   layout_regular_city, lemuel_fruit_tree
Lair:4:   layout_loops_ring, minmay_shoals_entry_hut, spider_nest_entry_webs,
          beast_lair_carwin_8
Lair:5:   layout_regular_city, minmay_slime_entry_oklob_enclosed,
          chequers_serial_rivers_large_a, uniq_sonja
Lair:6:   minmay_lair_end_enchanted_forest, layout_small_grid
Spider:1: layout_spider_delve, uniq_agnes, uniq_frances
Spider:2: layout_spider_delve, uniq_jorgrun
Spider:3: layout_spider_delve, nzn_ghost_randoct, uniq_donald, uniq_arachne
Orc:1:    layout_diamond_mine
Orc:2:    st_orc_congregation, layout_diamond_mine, statue_in_the_mist_lemuel,
          elves_outpost_lemuel

Skill      XL: |  1  2  3  4  5  6  7  8  9 10 11 12 13 14 15 16 |
---------------+-------------------------------------------------+-----
Axes           | 4 5 6 7 8 10 13 14 16 17 18 | 18.0
Fighting       | 4 5 6 7 9 10 12 13 15 16 | 16.9
Armour         | 3 4 5 6 7 9 10 11 13 15 | 15.0
Shields        | 5 12 15 | 15.0
Evocations     | 1 6 8 10 | 10.3
Dodging        | 3 7 |  7.8

Action                   |  1- 3 |  4- 6 |  7- 9 | 10-12 | 13-15 | 16-18 || total
-------------------------+-------+-------+-------+-------+-------+-------++-------
Melee: Hand axe          |    90 |   183 |       |       |       |       ||   273
       Headbutt          |    10 |    32 |    21 |    88 |   265 |    76 ||   492
       War axe           |       |       |   136 |   334 |   274 |       ||   744
       Battleaxe         |       |       |       |    11 |   192 |       ||   203
       Broad axe         |       |       |       |       |   679 |   298 ||   977
Throw: Javelin           |       |       |       |       |     1 |       ||     1
Invok: Berserk           |       |     3 |     7 |    14 |    24 |     5 ||    53
       Trog's Hand       |       |       |     1 |     8 |     9 |     3 ||    21
       Brothers in Arms  |       |       |     1 |     4 |     4 |     2 ||    11
Evoke: Wand              |       |       |     1 |     1 |     7 |     9 ||    18
       Condenser vane    |       |       |       |     1 |     3 |     1 ||     5
 Stab: Distracted        |       |       |     1 |     3 |     1 |     1 ||     6
       Held in net/web   |       |       |       |       |       |     1 ||     1
Armor: Animal skin       |     5 |       |       |       |       |       ||     5
       Scale mail        |    37 |    95 |       |       |       |       ||   132
       Chain mail        |       |     7 |    76 |    40 |   313 |   230 ||   666
       Plate armour      |       |       |       |   211 |   140 |    33 ||   384
Dodge: Dodged            |    52 |    98 |    70 |   120 |   305 |   183 ||   828
Block: Kite shield       |       |       |       |       |   588 |   333 ||   921
